2654 views
Uploaded 2020-02-12 18:13:01
Game version 1.32 / 1.32.1
9:29 long 2on2 ladder game on (4)TwistedMeadows
Saved by iggythefisk
2654 views
Uploaded 2020-02-12 18:13:01
Game version 1.32 / 1.32.1
9:29 long 2on2 ladder game on (4)TwistedMeadows


41 units @ 5.3k
/ 0.3k
20 buildings @ 2.7k
/ 1k


| Ivory Tower | 1 | 40 |
| total: | 1 | 40g |
| Peasant | 8 | 600 | / | 0 |
| Footman | 5 | 675 | / | 0 |
| Rifleman | 3 | 615 | / | 90 |
| Sorceress | 3 | 465 | / | 60 |
| Priest | 3 | 405 | / | 30 |
| total: | 22 | 2760g | / | 180w |
| Arcane Tower | 1 | 70 | / | 50 |
| Altar of Kings | 1 | 180 | / | 50 |
| Barracks | 1 | 160 | / | 60 |
| Farm | 6 | 480 | / | 120 |
| Blacksmith | 1 | 140 | / | 60 |
| Arcane Vault | 1 | 130 | / | 30 |
| Arcane Sanctum | 2 | 300 | / | 280 |
| Keep | 1 | 320 | / | 210 |
| total: | 12 | 1390g | / | 600w |
| 0:01 | Peasant |
| 0:03 | Altar of Kings |
| 0:08 | Peasant |
| 0:17 | Barracks |
| 0:18 | Peasant |
| 0:32 | Farm |
| 0:34 | Peasant |
| 0:47 | Farm |
| 0:49 | Peasant |
| 1:02 | Peasant |
| 1:18 | Footman |
| 1:24 | Farm |
| 1:28 | Peasant |
| 1:42 | Footman |
| 1:55 | Footman |
| 2:04 | Peasant |
| 2:07 | Summon Water Elemental |
| 2:23 | Footman |
| 3:23 | Keep |
| 3:36 | Footman |
| 3:38 | Blacksmith |
| 4:16 | Arcane Vault |
| 5:14 | Brilliance Aura |
| 5:32 | Rifleman |
| 5:48 | Arcane Sanctum |
| 5:50 | Arcane Sanctum |
| 5:59 | Rifleman |
| 6:05 | Farm |
| 6:10 | Farm |
| 6:43 | Sorceress |
| 6:48 | Priest |
| 6:59 | Rifleman |
| 7:09 | Ivory Tower |
| 7:21 | Priest |
| 7:25 | Farm |
| 7:45 | Sorceress |
| 7:54 | Storm Bolt |
| 7:57 | Arcane Tower |
| 8:35 | Sorceress |
| 8:35 | Priest |
| Right click | 778 |
| Select | 336 |
| Select group | 88 |
| Assign group | 50 |
| Build/train/purchase | 45 |
| Misc. action | 6 |
| Use ability | 4 |


| Healing Salve | 3 | 300 |
| Lesser Clarity Potion | 2 | 140 |
| Scroll of Speed | 1 | 50 |
| total: | 6 | 490g |
| Peon | 10 | 750 | / | 0 |
| Grunt | 7 | 1400 | / | 0 |
| Raider | 2 | 360 | / | 80 |
| total: | 19 | 2510g | / | 80w |
| Altar of Storms | 1 | 180 | / | 50 |
| Orc Burrow | 4 | 640 | / | 160 |
| Barracks | 1 | 180 | / | 50 |
| Voodoo Lounge | 1 | 130 | / | 30 |
| Beastiary | 1 | 145 | / | 140 |
| Stronghold | 1 | 315 | / | 190 |
| total: | 8 | 1275g | / | 430w |
| 0:01 | Peon |
| 0:03 | Altar of Storms |
| 0:08 | Peon |
| 0:17 | Orc Burrow |
| 0:19 | Peon |
| 0:25 | Barracks |
| 0:36 | Peon |
| 0:45 | Peon |
| 1:23 | Orc Burrow |
| 1:28 | Peon |
| 1:31 | Grunt |
| 1:41 | Peon |
| 1:46 | Voodoo Lounge |
| 1:51 | Peon |
| 1:59 | Peon |
| 2:05 | Wind Walk |
| 2:19 | Grunt |
| 3:04 | Grunt |
| 4:06 | Grunt |
| 4:25 | Stronghold |
| 4:48 | Orc Burrow |
| 5:08 | Critical Strike |
| 5:42 | Grunt |
| 5:53 | Orc Burrow |
| 6:48 | Healing Salve |
| 6:48 | Healing Salve |
| 6:52 | Lesser Clarity Potion |
| 6:58 | Beastiary |
| 7:00 | Berserker Strength |
| 7:39 | Lesser Clarity Potion |
| 7:46 | Serpent Ward |
| 8:06 | Healing Salve |
| 8:11 | Scroll of Speed |
| 8:19 | Raider |
| 8:20 | Ensnare |
| 8:20 | Grunt |
| 8:25 | Peon |
| 9:06 | Grunt |
| 9:07 | Raider |
| Right click | 562 |
| Assign group | 282 |
| Select | 206 |
| Select group | 126 |
| Build/train/purchase | 49 |
| Misc. action | 13 |
| Use ability | 10 |
| Remove unit | 2 |
54 units @ 5.9k
/ 0.3k
21 buildings @ 3.5k
/ 1.3k


| Healing Salve | 2 | 200 |
| Lesser Clarity Potion | 2 | 140 |
| Scroll of Speed | 2 | 100 |
| total: | 6 | 440g |
| Peon | 9 | 675 | / | 0 |
| Grunt | 5 | 1000 | / | 0 |
| total: | 14 | 1675g | / | 0w |
| Watch Tower | 2 | 220 | / | 160 |
| Altar of Storms | 1 | 180 | / | 50 |
| Orc Burrow | 4 | 640 | / | 160 |
| Barracks | 1 | 180 | / | 50 |
| Voodoo Lounge | 1 | 130 | / | 30 |
| War Mill | 1 | 205 | / | 0 |
| Beastiary | 2 | 290 | / | 280 |
| Stronghold | 1 | 315 | / | 190 |
| total: | 12 | 1845g | / | 730w |
| 0:02 | Peon |
| 0:02 | Peon |
| 0:06 | Altar of Storms |
| 0:09 | Orc Burrow |
| 0:19 | Barracks |
| 0:29 | Peon |
| 0:42 | Peon |
| 0:54 | Peon |
| 1:01 | Peon |
| 1:22 | Grunt |
| 1:39 | Orc Burrow |
| 1:56 | Peon |
| 2:00 | Voodoo Lounge |
| 2:13 | Feral Spirit |
| 2:36 | Grunt |
| 3:10 | Stronghold |
| 3:14 | Healing Salve |
| 3:31 | Grunt |
| 3:49 | Grunt |
| 4:24 | Grunt |
| 5:18 | Orc Burrow |
| 5:43 | War Mill |
| 5:46 | Beastiary |
| 5:49 | Peon |
| 5:49 | Peon |
| 6:23 | Lesser Clarity Potion |
| 6:23 | Scroll of Speed |
| 6:39 | Berserker Strength |
| 6:43 | Beastiary |
| 6:58 | Orc Burrow |
| 7:05 | Watch Tower |
| 7:37 | Pillage |
| 7:39 | Lesser Clarity Potion |
| 7:39 | Scroll of Speed |
| 7:40 | Healing Salve |
| 8:01 | Hex |
| 8:21 | Watch Tower |
| 8:49 | Ensnare |
| Right click | 539 |
| Select group | 288 |
| Select | 131 |
| Build/train/purchase | 41 |
| Assign group | 16 |
| Use ability | 9 |
| Chat | 5 |
| Remove unit | 2 |

| Wisp | 21 | 1260 | / | 0 |
| Archer | 11 | 1430 | / | 110 |
| Huntress | 8 | 1560 | / | 160 |
| total: | 40 | 4250g | / | 270w |
| Ancient Protector | 1 | 135 | / | 80 |
| Altar of Elders | 1 | 180 | / | 50 |
| Moon Well | 4 | 720 | / | 160 |
| Ancient of War | 1 | 150 | / | 60 |
| Hunter's Hall | 2 | 420 | / | 200 |
| Tree of Ages | 1 | 320 | / | 180 |
| total: | 9 | 1605g | / | 550w |
| 0:03 | Wisp |
| 0:05 | Altar of Elders |
| 0:14 | Wisp |
| 0:19 | Moon Well |
| 0:29 | Wisp |
| 0:32 | Ancient of War |
| 0:40 | Wisp |
| 0:57 | Wisp |
| 1:13 | Wisp |
| 1:26 | Moon Well |
| 1:34 | Wisp |
| 1:34 | Archer |
| 1:47 | Archer |
| 1:51 | Wisp |
| 2:23 | Archer |
| 2:26 | Hunter's Hall |
| 2:31 | Force of Nature |
| 3:22 | Wisp |
| 3:23 | Wisp |
| 3:50 | Wisp |
| 3:50 | Wisp |
| 3:51 | Archer |
| 3:52 | Archer |
| 3:52 | Archer |
| 4:08 | Moon Well |
| 4:42 | Wisp |
| 4:42 | Wisp |
| 4:43 | Wisp |
| 4:43 | Wisp |
| 5:24 | Entangling Roots |
| 5:41 | Wisp |
| 5:41 | Wisp |
| 5:41 | Wisp |
| 5:42 | Wisp |
| 5:48 | Hunter's Hall |
| 5:50 | Archer |
| 6:03 | Moon Well |
| 6:21 | Archer |
| 6:34 | Tree of Ages |
| 6:44 | Archer |
| 7:38 | Archer |
| 7:39 | Archer |
| 7:41 | Huntress |
| 7:41 | Huntress |
| 7:41 | Huntress |
| 7:51 | Ancient Protector |
| 8:16 | Huntress |
| 8:43 | Huntress |
| 8:56 | Moon Glaive |
| 8:56 | Huntress |
| 8:56 | Huntress |
| 8:56 | Huntress |
| 9:19 | Wisp |
| Right click | 866 |
| Select | 192 |
| Select group | 154 |
| Misc. action | 60 |
| Build/train/purchase | 53 |
| Assign group | 25 |
| Use ability | 18 |
| Minimap ping | 6 |
| Chat | 5 |
| Remove unit | 3 |
| Esc | 1 |
โ